Map: Overgrown Facility

Players

MonstroTown

  • Race: Terran Terran
  • Spawn Location: 1:00

Michael

  • Race: Zerg Zerg
  • League: Gold
  • Spawn Location: 3:00

tyc

  • Race: Terran Terran
  • Spawn Location: 9:00

Callous

  • Race: Zerg Zerg
  • Spawn Location: 7:00

VOD

Have the link to the VOD?

Description

Time

  • Played on: Sept. 16, 2018, 12:39 a.m.
  • Length: 5:56
Show
View Real Time Build Order
Export as new Build Order

MonstroTown Terran 

Build Orders:  

Get SALT Encoding   

  12  0:01  SCV  
  14  0:19  SCV, Supply Depot  
  14  0:31  SCV  
  15  0:42  Barracks  
  15  0:43  SCV  
  15  0:49  Refinery  
  16  0:58  SCV  
  17  1:16  SCV  
  18  1:23  Barracks  
  18  1:29  Orbital Command  
  18  1:32  Reaper  
  19  1:56  SCV  
  19  2:00  Barracks  
  20  2:04  Barracks Reactor  
  20  2:08  SCV  
  21  2:12  Supply Depot, Marine  
  22  2:20  SCV  
  23  2:34  SCV  
  23  2:36  Marine  
  25  2:43  Supply Depot  
  24  2:46  SCV  
  24  2:52  Barracks Tech Lab  
  24  2:53  Marine  
  24  2:55  Marine  
  24  2:57  Marine  
  27  3:01  Command Center  
  27  3:02  SCV  
  28  3:13  Supply Depot  
  28  3:14  Stimpack  
  28  3:16  Marine  
  29  3:24  SCV  
  29  3:26  Marine  
  31  3:29  Marine  
  32  3:39  Factory, Marine  
  33  3:41  Marine  
  33  3:47  Marine x2  
  36  3:54  SCV  
  37  3:57  Marine  
  37  4:00  Marauder  
  40  4:05  Marine  
  42  4:11  Barracks Tech Lab  
  42  4:14  Marine  
  42  4:17  Orbital Command  
  42  4:24  Marine  
  42  4:25  Factory Tech Lab  
  42  4:30  SCV  
  44  4:32  Refinery  
  44  4:39  Starport  
  44  4:42  Marine x2  
  44  4:43  Marine  
  39  5:03  Marine  
  39  5:04  Marine x3  
  32  5:21  Marine x2  
  32  5:22  Marine x2  
Show
View Real Time Build Order
Export as new Build Order

Michael Zerg 

Build Orders: Pool First 

Get SALT Encoding   

  12  0:01  Drone  
  13  0:12  Overlord  
  13  0:17  Drone  
  14  0:31  Drone x2  
  14  0:34  Drone  
  17  0:38  Extractor  
  16  0:45  Drone  
  17  0:52  Spawning Pool  
  17  0:56  Drone  
  17  1:07  Drone  
  18  1:24  Hatchery  
  17  1:27  Drone  
  17  1:31  Drone  
  19  1:41  Overlord  
  19  1:49  Queen  
  21  1:57  Metabolic Boost  
  21  2:00  Zergling x2  
  22  2:07  Zergling x2  
  23  2:11  Drone  
  24  2:26  Roach Warren  
  24  2:27  Extractor, Evolution Chamber  
  24  2:29  Drone  
  22  2:37  Drone  
  22  2:38  Drone  
  24  2:49  Queen  
  26  3:13  Lair  
  26  3:18  Drone  
  26  3:19  Drone x2  
  30  3:20  Drone x3  
  32  3:31  Spine Crawler  
  30  3:36  Queen  
  30  3:41  Zergling x2  
  33  3:43  Zergling x2  
  33  3:47  Roach  
  36  3:53  Overlord  
  36  4:00  Overlord  
  36  4:10  Glial Reconstitution  
  36  4:13  Roach  
  38  4:18  Drone  
  38  4:19  Drone  
  38  4:22  Drone  
  41  4:39  Roach  
  37  4:57  Roach x3  
  37  4:59  Zergling x10  
  44  5:01  Zergling x4  
  44  5:11  Queen  
  44  5:12  Queen  
  34  5:29  Roach  
Show
View Real Time Build Order
Export as new Build Order

tyc Terran 

Build Orders: Cyclone Opening 

Get SALT Encoding   

  12  0:01  SCV  
  13  0:13  SCV  
  14  0:20  Supply Depot  
  14  0:25  SCV  
  15  0:42  SCV  
  16  0:44  Barracks  
  16  0:47  Refinery  
  16  0:54  Refinery  
  16  0:56  SCV  
  17  1:08  SCV  
  18  1:22  Supply Depot  
  18  1:25  SCV  
  19  1:38  Factory  
  19  1:40  Marine  
  20  1:49  Orbital Command  
  20  1:57  Marine  
  21  2:12  Factory  
  21  2:17  SCV  
  22  2:27  Cyclone  
  25  2:47  Supply Depot  
  25  2:48  SCV  
  26  2:57  Cyclone  
  29  3:01  SCV  
  30  3:09  Supply Depot, Cyclone  
  33  3:14  SCV  
  34  3:29  Cyclone  
  37  3:36  Supply Depot  
  37  3:41  Cyclone  
  40  4:01  Cyclone  
  43  4:04  SCV  
  43  4:09  Supply Depot  
  44  4:13  Cyclone  
  44  4:16  SCV  
  48  4:33  Cyclone  
  51  4:45  Cyclone  
  42  5:10  Cyclone  
Show
View Real Time Build Order
Export as new Build Order

Callous Zerg 

Build Orders: Hatch First 

Get SALT Encoding   

  12  0:02  Drone  
  13  0:09  Drone  
  14  0:37  Hatchery  
  14  0:41  Drone  
  14  0:59  Spawning Pool  
  14  1:01  Extractor  
  14  1:02  Drone  
  13  1:07  Drone  
  14  1:16  Overlord  
  14  1:35  Drone x2  
  14  1:37  Drone  
  17  1:45  Queen  
  19  1:58  Queen  
  21  2:09  Metabolic Boost  
  21  2:11  Drone  
  21  2:13  Drone  
  23  2:17  Drone  
  24  2:34  Zergling x8  
  28  2:53  Overlord  
  28  3:02  Hatchery  
  27  3:10  Overlord  
  27  3:19  Zergling x4  
  33  3:20  Zergling x8  
  33  3:29  Baneling Nest  
  32  3:35  Drone x3  
  32  3:37  Drone  
  36  3:42  Zergling x2  
  36  3:44  Zergling x2  
  38  3:50  Zergling x4  
  40  3:58  Overlord  
  40  4:02  Drone x2  
  42  4:13  Baneling  
  42  4:14  Baneling  
  42  4:18  Overlord, Drone  
  42  4:20  Overlord  
  42  4:24  Baneling x2  
  43  4:26  Zergling x4  
  43  4:28  Zergling x2  
  37  4:53  Zergling x2  
  37  4:54  Zergling x20  
  43  5:06  Zergling x2  
  43  5:07  Zergling x4  
  46  5:11  Queen  
  47  5:26  Zergling x8  
  47  5:27  Zergling x2  
  51  5:33  Baneling x3  
Tags
 
Add a new tag
Caveats
  • Supply blocks, unpowered buildings, or Contaminate may cause inaccurate times.
  • Supply counts are checked every 10 seconds.